 Dungeon Crawl Stone Soup version 0.27-a0-1139-g28e009f8a6 (webtiles) character file.

Game seed: 15481194981256445600

21 Anon1729 the Skirmisher (level 3, -9/29 HPs)
             Began as a Formicid Berserker on May 7, 2021.
             Was a Believer of Cheibriados.
             Mangled by a black bear (12 damage)
             ... created by the rage of Trog
             ... on level 2 of the Dungeon.
             The game lasted 00:01:25 (1070 turns).

Anon1729 the Skirmisher (Formicid Berserker)        Turns: 1070, Time: 00:01:26

Health: -9/29      AC:  2    Str: 26    XL:     3   Next: 5%
Magic:  3/3        EV: 12    Int: 10    God:    Cheibriados [**....]
Gold:   32         SH:  0    Dex: 14    Spells: 2/2 levels left

rFire    . . .     SeeInvis +   a - +0 falchion
rCold    . . .     Faith    .   (no shield)
rNeg     . . .     Spirit   .   b - +0 animal skin
rPois    .         Reflect  .   (helmet unavailable)
rElec    .         Harm     .   (no cloak)
rCorr    .         Rampage  .   (no gloves)
Will     .....                  (no boots)
Stlth    +.........             (no amulet)
HPRegen  0.09/turn              (no ring)
MPRegen  0.08/turn              (no ring)

@: very slow
A: permanent stasis, dig shafts and tunnels, antennae 3, four strong arms
a: Dig, Shaft Self, Renounce Religion, Bend Time


You were on level 2 of the Dungeon.
You worshipped Cheibriados.
Cheibriados was pleased with you.
You visited 1 branch of the dungeon, and saw 2 of its levels.

You collected 32 gold pieces.

Inventory:

Hand Weapons
 a - a +0 falchion (weapon)
Armour
 b - a +0 animal skin (worn)
Scrolls
 c - 2 scrolls of identify {unknown}
 e - a scroll of enchant weapon {unknown}
Potions
 d - a potion of invisibility {unknown}


   Skills:
 + Level 3.6 Fighting
 + Level 3.2 Long Blades
 - Level 2.5 Armour
 - Level 2.1 Dodging
 + Level 0.0 Invocations


You had 2 spell levels left.
You didn't know any spells.
Your spell library was empty.

Dungeon Overview and Level Annotations

Branches:
Dungeon (2/15)

Altars:
Cheibriados


Innate Abilities, Weirdness & Mutations

You cannot be hasted, slowed, berserked, paralysed or teleported.
You can dig through walls and to a lower floor.
You have a pair of large antennae on your head. (SInv)
Your four strong arms can wield two-handed weapons with a shield.


Message History

Your base attributes are Str 21, Int 6, Dex 10.
Increase (S)trength, (I)ntelligence, or (D)exterity?
You feel stronger.
Trog sends monsters to punish you. 4 black bears come into view.
There are monsters nearby!
Are you sure you want to shaft yourself?
You begin to dig a shaft.
You continue digging a shaft.
The black bear rages.
The black bear bites you! The black bear claws you. x2
* * * LOW HITPOINT WARNING * * *
The black bear bites you.
* * * LOW HITPOINT WARNING * * *
The black bear claws you.
* * * LOW HITPOINT WARNING * * *
The black bear closely misses you. A shaft appears beneath you!
You fall into a shaft and drop 1 floor!
The shaft crumbles and collapses.
A rat comes into view.
Found a fuming ruby potion and a leatherbound book.
Found a stone staircase leading down and a stone staircase leading up.
You aren't carrying any items that you can evoke.
You closely miss the rat. The rat bites you but does no damage.
You closely miss the rat. The rat bites you.
* * * LOW HITPOINT WARNING * * *
You closely miss the rat. The rat completely misses you.
You riposte.
You barely miss the rat. You slash the rat!
You kill the rat!
Cheibriados thoroughly appreciates the change of pace.
You start resting.
Trog sends monsters to punish you.
The divine experience drains your vigour!
Your stasis prevents you from being slowed. 2 polar bears and 2 black bears come into view.
Are you sure you want to shaft yourself?
You begin to dig a shaft.
You continue digging a shaft.
The black bear bites you!
You die...

#########
#@h.....#
#hh.........
#.h........!
##..........
#.........>
#<.........
..........:
#......#####


You could see 2 polar bears and 2 black bears.

Vanquished Creatures
  2 ball pythons (D:1)
  4 bats (D:1)
  An endoplasm (D:1)
  2 hobgoblins (D:1)
  2 jackals (D:1)
  A quokka (D:1)
  A frilled lizard (D:1)
  2 goblins (D:1)
  3 kobolds (D:1)
  2 rats
20 creatures vanquished.

Notes
Turn   | Place    | Note
-------+----------+-------------------------------------------
     0 | D:1      | Anon1729 the Formicid Berserker began the quest for the
                  | Orb.
     0 | D:1      | Reached XP level 1. HP: 18/18 MP: 1/1
     0 | D:1      | Fell from the grace of Trog
    29 | D:1      | Found a faded altar of an unknown god.
    54 | D:1      | Became a worshipper of Cheibriados the Contemplative
    54 | D:1      | Reached * piety under Cheibriados
   210 | D:1      | Reached XP level 2. HP: 4/24 MP: 2/2
   927 | D:1      | Reached ** piety under Cheibriados
  1011 | D:1      | Reached XP level 3. HP: 24/29 MP: 3/3
  1045 | D:1      | Noticed a black bear
  1045 | D:1      | Noticed a black bear
  1045 | D:1      | Noticed a black bear
  1045 | D:1      | Noticed a black bear
  1047 | D:1      | You fall into a shaft and drop 1 floor!
  1051 | D:2      | HP: 1/29 [rat (2)]
  1069 | D:2      | Noticed a polar bear
  1069 | D:2      | Noticed a black bear
  1069 | D:2      | Noticed a black bear
  1069 | D:2      | Noticed a polar bear
  1070 | D:2      | Mangled by a black bear

Illustrated notes

Levels and vault maps discovered:
D:1:      minmay_arrival_three_doors, layout_rooms, basic_ecumenical_altar
D:2:      layout_basic, basic_altar

Skill      XL: |  1  2 |
---------------+-------+-----
Dodging        | 2 |  2.1
Fighting       | |  3.6
Long Blades    | |  3.2
Armour         | |  2.5

Action                   || total
-------------------------++-------
Melee: Falchion          ||    52
Invok: Renounce Religion ||     1
 Abil: Shaft Self        ||     2
 Stab: Sleeping          ||     1
Armor: Animal skin       ||    14
Dodge: Dodged            ||    36
       Rpst.: Falchion   ||    11

Table legend: (Time is in decaauts)
 A = Elapsed time spent in this place.
 B = Non-inter-level travel time spent in this place.
 C = Inter-level travel time spent in this place.
 D = Time resting spent in this place.
 E = Time spent auto-exploring this place.
 F = Levels seen in this place.
 G = Mean time per level.
                   A        B        C        D        E       F      G
               +--------+--------+--------+--------+--------+-----+--------+
         Total |   1181 |   1181 |      0 |    225 |    792 |   2 |  590.5 |
       Dungeon |   1181 |   1181 |      0 |    225 |    792 |   2 |  590.5 |
               +--------+--------+--------+--------+--------+-----+--------+

Top non-repeatable levels by time:
     D:1: 1156 daAuts
     D:2: 24 daAuts
